 Dungeon Crawl Stone Soup version 0.28-a0-863-g8cecda6153 (webtiles) character file.

Game seed: 7098391314906163001

98 ryw the Skirmisher (level 4, -5/38 HPs)
             Began as a Demonspawn Monk on Nov 19, 2021.
             Slain by a goblin (6 damage)
             ... led by Robin
             ... on level 3 of the Dungeon.
             The game lasted 00:03:15 (2263 turns).

ryw the Skirmisher (Demonspawn Monk)                Turns: 2263, Time: 00:03:16

Health: -5/38      AC:  3    Str:  8 (11) XL:     4   Next: 44%
Magic:  6/6        EV: 13    Int: 10 (13) God:
Gold:   83         SH:  4    Dex: 14 (15) Spells: 5/5 levels left

rFire   . . .      SeeInvis .   m - +0 war axe
rCold   . . .      Faith    .   (no shield)
rNeg    . . .      Spirit   .   a - +0 robe
rPois   .          Reflect  .   (no helmet)
rElec   .          Harm     .   (no cloak)
rCorr   .          Rampage  .   (no gloves)
Will    .....                   h - +0 pair of boots
Stlth   ++........              (no amulet)
HPRegen 0.00/turn               (no ring)
MPRegen 0.20/turn               (no ring)

@: inhibited regen, hasted, very quick
A: magic regeneration, condensation shield, inhibited regeneration
a: no special abilities


You were on level 3 of the Dungeon.
You visited 1 branch of the dungeon, and saw 3 of its levels.

You collected 83 gold pieces.

Inventory:

Hand Weapons
 m - a +0 war axe (weapon)
Armour
 a - a +0 robe (worn)
 h - a +0 pair of boots (worn)
Wands
 c - a wand of polymorph (1)
Scrolls
 b - a scroll of vulnerability {unknown}
 f - a scroll of identify {unknown}
 g - 2 scrolls of teleportation {unknown}
 i - a scroll of amnesia {unknown}
 j - a scroll of summoning {unknown}
 k - a scroll of magic mapping {unknown}
 l - a scroll of noise {unknown}
Potions
 e - a potion of lignification


   Skills:
 - Level 4.5 Fighting
 + Level 3.2 Dodging
 - Level 1.7 Stealth
 - Level 2.6 Unarmed Combat
 + Level 1.4 Spellcasting


You had 5 spell levels left.
You didn't know any spells.
Your spell library contained the following spells:

 Spells                   Type           Power      Damage    Failure   Level
 Sandblast                Erth           0%         2d4       32%         1
 Passwall                 Tmut/Erth      0%         N/A       45%         2
 Stone Arrow              Conj/Erth      0%         3d7       69%         3


Dungeon Overview and Level Annotations

Branches:
Dungeon (3/15)

Altars:

Annotations:
D:3 Robin


Innate Abilities, Weirdness & Mutations

You regenerate magic rapidly.
A meltable shield of frost defends you. (SH +4)
You do not regenerate when monsters are visible.


Message History

The goblin misses you.
You barely miss the goblin. You closely miss the goblin.
The goblin barely misses you. The goblin hits you with a +0 club.
* * * LOW HITPOINT WARNING * * *
The goblin hits you with a +0 club.
* * * LOW HITPOINT WARNING * * *
Unknown command.
You hit the goblin.
You kill the goblin!
You miss the goblin. The goblin barely misses you. You block Robin's attack.
The goblin barely misses you.
Unknown command.
Robin hits you with a +0 spear.
* * * LOW HITPOINT WARNING * * *
Things that are here:
a +0 club; a +0 club You closely miss the goblin.
You hit Robin. The goblin hits you with a +0 club.
* * * LOW HITPOINT WARNING * * *
Robin closely misses you. You block the goblin's attack.
Unknown command.
It was a potion of degeneration.
There was something very wrong with that liquid.
You feel weakened.
You feel dopey.
You feel clumsy.
The goblin no longer looks unusually strong.
The goblin hits you but does no damage.
Robin roars a battlecry!
The goblin goes into a battle-frenzy!
The goblin misses you.
You hear a shout! x2
It was a potion of haste.
You feel yourself speed up. The goblin hits you with a +0 club.
* * * LOW HITPOINT WARNING * * *
Robin closely misses you. The goblin barely misses you.
A goblin comes into view. It is wielding a +0 club.
You hit Robin.
Robin is moderately wounded.
You closely miss the goblin. You barely miss the goblin.
The goblin no longer looks unusually strong.
The goblin hits you with a +0 club.
You die...

g############
....ggg.g...#
###....###gg#
..g#..#...#@# .
#..#.⌠.#g#
#≈≈#...#)# #..≈#
≈≈≈≈###≈.# #...
≈≈≈≈≈≈≈≈..# #...
≈≈≈≈≈≈≈≈≈..#
#..≈###≈≈≈≈###≈.#
.#..#...#≈≈#...#.#
.#..#.⌠.#..#.⌠.#.#


You could see Robin and 3 goblins.

Vanquished Creatures
  Jessica (D:3)
  2 adders (D:2)
  A worm (D:2)
  3 dart slugs
  3 bats (D:1)
  3 endoplasms (D:1)
  3 giant cockroaches
  10 goblins
  7 hobgoblins
  2 kobolds
  A ball python (D:1)
  A frilled lizard (D:2)
  5 rats
42 creatures vanquished.

Notes
Turn   | Place    | Note
-------+----------+-------------------------------------------
     0 | D:1      | ryw the Demonspawn Monk began the quest for the Orb.
     0 | D:1      | Reached XP level 1. HP: 18/18 MP: 1/1
   365 | D:1      | Found a faded altar of an unknown god.
   388 | D:1      | Gained mutation: A meltable shield of frost defends you.
                  | (SH +4) [demonic ancestry]
   388 | D:1      | Reached XP level 2. HP: 24/24 MP: 2/2
  1093 | D:1      | Reached skill level 4 in Fighting
  1355 | D:2      | Gained mutation: You regenerate magic rapidly. [demonic
                  | ancestry]
  1355 | D:2      | Reached XP level 3. HP: 26/31 MP: 3/3
  2152 | D:3      | Noticed Jessica
  2153 | D:3      | Gained mutation: You do not regenerate when monsters are
                  | visible. [potion of mutation]
  2175 | D:3      | Killed Jessica
  2176 | D:3      | Reached skill level 1 in Spellcasting
  2176 | D:3      | Reached XP level 4. HP: 38/38 MP: 5/5
  2236 | D:3      | Noticed Robin
  2262 | D:3      | HP: 1/38 [goblin[Robin] (1)]
  2263 | D:3      | Slain by a goblin

Illustrated notes

Levels and vault maps discovered:
D:1:      amcnicky_arrival_double_pillar, layout_basic,
          ebering_ecumenical_altar_rust
D:2:      layout_basic
D:3:      layout_basic, fountainhead, minmay_quadrilaterals, uniq_natasha,
          uniq_jessica, uniq_robin

Skill      XL: |  1  2  3 |
---------------+----------+-----
Fighting       | 4 |  4.5
Dodging        | 3 |  3.2
Spellcasting   | 1 |  1.4
Stealth        | |  1.7
Unarmed Combat | |  2.6

Action                   |  1- 3 |  4- 6 || total
-------------------------+-------+-------++-------
Melee: Unarmed           |   150 |       ||   150
       Punch             |     3 |       ||     3
       War axe           |    12 |    18 ||    30
  Use: Potion            |     2 |     2 ||     4
 Stab: Sleeping          |     4 |       ||     4
Armor: Robe              |    29 |     1 ||    30
       Skin              |     5 |       ||     5
Dodge: Dodged            |    84 |    29 ||   113
Block: Other             |    15 |     5 ||    20

Table legend: (Time is in decaauts)
 A = Elapsed time spent in this place.
 B = Non-inter-level travel time spent in this place.
 C = Inter-level travel time spent in this place.
 D = Time resting spent in this place.
 E = Time spent auto-exploring this place.
 F = Levels seen in this place.
 G = Mean time per level.
                   A        B        C        D        E       F      G
               +--------+--------+--------+--------+--------+-----+--------+
         Total |   2269 |   2244 |     25 |    286 |   1550 |   3 |  756.3 |
       Dungeon |   2269 |   2244 |     25 |    286 |   1550 |   3 |  756.3 |
               +--------+--------+--------+--------+--------+-----+--------+

Top non-repeatable levels by time:
     D:2: 1097 daAuts
     D:1: 963 daAuts
     D:3: 209 daAuts
